 Dungeon Crawl Stone Soup version 0.26-a0-784-g51bffae0b1 (webtiles) character file.

Game seed: 2839527486790492837

92129 Kinoniko the Fencer (level 15, -6/147 HPs)
             Began as a White Draconian Fighter on Nov 10, 2020.
             Was the Champion of Makhleb.
             Killed from afar by an orc wizard (10 damage)
             ... with a magic dart
             ... on level 2 of the Orcish Mines.
             The game lasted 00:47:42 (26986 turns).

Kinoniko the Fencer (White Draconian Fighter)      Turns: 26986, Time: 00:47:43

Health: -6/147     AC: 19    Str: 21    XL:     15   Next: 57%
Magic:  0/23       EV: 18    Int:  9    God:    Makhleb [******]
Gold:   2673       SH: 15    Dex: 14    Spells: 14/14 levels left

rFire    . . .     SeeInvis +   v - +2 demon blade (flame)
rCold    + . .     Faith    .   b - +2 kite shield
rNeg     . . .     Spirit   +   (armour unavailable)
rPois    .         Reflect  .   (helmet restricted)
rElec    .         Harm     .   D - +2 cloak
rCorr    .         Rampage  .   n - +2 pair of gloves
MR       +....                  (no boots)
Stlth    +.........             p - amulet of guardian spirit
HPRegen  0.34/turn              F - ring of see invisible
MPRegen  0.18/turn              y - +4 ring of protection

@: lethally poisoned (-6 -> -56), studying Shields
A: breathe frost, unfitting armour, talons 1, cold resistance 1, robust 1, wild
magic 1, cold-blooded, AC +9
a: Breathe Frost, Minor Destruction, Lesser Servant of Makhleb, Major
Destruction, Greater Servant of Makhleb, Renounce Religion


You were on level 2 of the Orcish Mines.
You worshipped Makhleb.
Makhleb was exalted by your worship.
You visited 4 branches of the dungeon, and saw 23 of its levels.
You also visited: Volcano.

You collected 2673 gold pieces.

Inventory:

Hand Weapons
 a - a +4 spectral long sword
 m - a +2 short sword of electrocution
 v - a +2 demon blade of flaming (weapon)
Armour
 b - a +2 kite shield (worn)
 e - a scarf of repulsion
 n - a +2 pair of gloves (worn)
 D - a +2 cloak (worn)
Jewellery
 l - an uncursed amulet of reflection
 p - an amulet of guardian spirit (around neck)
 r - an uncursed ring of stealth
 x - an uncursed ring of stealth
 y - a +4 ring of protection (right hand)
 z - an uncursed ring of fire
 E - an uncursed ring of resist corrosion
 F - a ring of see invisible (left hand)
 G - a +6 ring of strength
 J - an uncursed amulet of the acrobat
 R - an uncursed amulet of regeneration
 W - an uncursed ring of poison resistance
Wands
 d - a wand of random effects (58)
 q - a wand of paralysis (13)
 u - a wand of polymorph (8)
 H - a wand of digging (15)
 K - a wand of disintegration (21)
 O - a wand of enslavement (17)
 P - a wand of acid (7)
 U - a wand of flame (12)
Scrolls
 f - 6 scrolls of magic mapping
 g - 9 scrolls of remove curse
 s - a scroll of teleportation
 t - 3 scrolls of amnesia
 w - a scroll of fog
 I - 4 scrolls of identify
 L - a scroll of silence
 N - 3 scrolls of brand weapon
 Q - a scroll of vulnerability
 V - a scroll of blinking
Potions
 c - 5 potions of brilliance
 h - 7 potions of ambrosia
 i - 4 potions of resistance
 j - a potion of magic
 k - 16 potions of curing
 o - 3 potions of attraction
 A - 4 potions of mutation
 B - 3 potions of lignification
 C - 5 potions of flight
Books
 M - a manual of Shields


   Skills:
 + Level 12.5 Fighting
 * Level 15.1 Long Blades
 + Level 10.6 Dodging
 + Level 12.8 Shields
 * Level 11.5 Invocations
 * Level 9.4 Evocations


You had 14 spell levels left.
You didn't know any spells.
Your spell library contained the following spells:

 Spells                   Type           Power        Failure   Level
 Corona                   Hex            #......      56%         1
 Magic Dart               Conj           #...         56%         1
 Sandblast                Erth           #.....       56%         1
 Blink                    Tloc           N/A          71%         2
 Call Imp                 Summ           #.......     71%         2
 Passwall                 Tmut/Erth      #.......     71%         2
 Slow                     Hex            #.......     71%         2
 Confusing Touch          Hex            #.......     89%         3
 Conjure Flame            Conj/Fire      #.......     89%         3
 Gell's Gravitas          Tloc           #.........   89%         3
 Inner Flame              Hex/Fire       #.......     89%         3
 Mephitic Cloud           Conj/Pois/Air  #.......     89%         3
 Portal Projectile        Hex/Tloc       #.....       89%         3
 Stone Arrow              Conj/Erth      #.....       89%         3
 Animate Dead             Necr           #.........   99%         4
 Cause Fear               Hex            #.........   99%         4
 Leda's Liquefaction      Hex/Erth       #.........   99%         4
 Petrify                  Tmut/Erth      #.......     99%         4
 Borgnjor's Vile Clutch   Necr/Erth      #.........   100%        5
 Lee's Rapid Deconstruct  Erth           #.........   100%        5
 Metabolic Englaciation   Hex/Ice        #.........   100%        5
 Yara's Violent Unravell  Hex/Tmut       #.........   100%        5
 Death Channel            Necr           #.........   100%        6
 Simulacrum               Ice/Necr       #.........   100%        6


Dungeon Overview and Level Annotations

Branches:
Dungeon (14/15)            Temple (1/1) D:7            Lair (6/6) D:10
  Swamp (0/4) Lair:4       Shoals (0/4) Lair:3        Slime (0/5) Lair:6
    Orc (2/2) D:12            Elf (0/3) Orc:2        Vaults (0/5) D:13
Volcano (visited)
  Snake: Lair:2-4    Spider: Lair:2-4

Altars:
Ashenzari
Cheibriados
Dithmenos
Elyvilon
Fedhas
Gozag
Hepliaklqana
Kikubaaqudgha
Makhleb
Nemelex Xobeh
Okawaru
Qazlal
Ru
Sif Muna
Trog
Uskayaw
Vehumet
Wu Jian
Xom
Yredelemnul
Zin
The Shining One

Shops:
D:5 *   D:6 (

Annotations:
D:9 2 transporters, 2tc's ghost, novice DDFi
D:11 2 transporters
Lair:2 3 runed translucent doors, Furott's ghost, journeyman DECj
Lair:3 exclusion: 3 oklob plants
Lair:4 exclusion: 3 oklob plants
Lair:5 1 runed translucent door, Uxoog's ghost, journeyman VSWn


Innate Abilities, Weirdness & Mutations

You can breathe waves of freezing cold.
You can buffet flying creatures when you breathe cold.
Your icy white scales are hard. (AC +9)
You cannot fit into any form of body armour.
Your flesh is cold resistant. (rC+)
You are cold-blooded and may be slowed by cold attacks.
You have sharp toenails.
You are robust. (+10% HP)
Your spells are a little harder to cast, but a little more powerful.


Message History

You feel sick. The green death gestures at you. The poison arrow hits you!
You are more poisoned.
* * * LOW HITPOINT WARNING * * *
* * * LOW HITPOINT WARNING * * *
You feel very sick.
The orc wizard hits you but does no damage.
* * * LOW HITPOINT WARNING * * *
You feel very sick. You block the green death's attack.
* * * LOW HITPOINT WARNING * * *
You feel sick. The green death gestures at you. The poison arrow hits you!!
You are more poisoned.
* * * LOW HITPOINT WARNING * * *
The orc wizard casts a spell at you. The magic dart hits you!
You die...

##(...#.............# ##
#..................## #.
##.....#............####.
#..(...............#.#..#
##.(.#o[#.........#......
##...)(......#......#...
##..o#(........#...#....
#....2..................
#....o.@.......#.......#
##..##..#.............#.
#...#....))............
##.#.#....)......<.....
###.......#)............
##............)..........
#..........#[[[..........
##..#.#..##..#...........
##.#...###....#..........


You could see a green death (summoned), an orc knight, an orc wizard (strong)
and an orc (strong).

Vanquished Creatures
  Kirke (D:12)
  An orc warlord (Orc:2)
  A red draconian (Volcano)
  A boulder beetle (D:13)
  3 hydras
  4 two-headed ogres
  An ogre mage (Volcano)
  3 catoblepae
  3 centaur warriors
  A deep troll shaman (Lair:6)
  7 death yaks
  2 orc high priests (Orc:2)
  An orc knight (Orc:2)
  A deep elf mage (D:13)
  3 cyclopes
  13 ugly things
  2 orc sorcerers (Orc:2)
  A manticore (D:10)
  4 black mambas
  18 elephants
  14 cane toads
  A torpor snail (Lair:4)
  3 gargoyles
  2 kobold demonologists (D:13)
  11 komodo dragons
  An efreet (D:14)
  A yaktaur (D:13)
  3 rime drakes
  A queen bee (D:9)
  5 polar bears
  3 trolls
  A red devil (D:12)
  Grinder (D:4)
  A hornet (D:11)
  A hornet (shapeshifter) (D:14)
  A snapping turtle (Lair:3)
  A dream sheep (Lair:5)
  25 blink frogs
  A meliai zombie (D:13)
  7 slime creatures
  9 wyverns
  2 shadows (D:12)
  61 yaks
  2 vampires
  2 wraiths
  3 fire bats (Lair:5)
  2 basilisks
  8 hogs
  A human (D:7)
  Menkaure (D:7)
  A soldier ant (D:14)
  An acid dragon (D:14)
  A warg (Orc:1)
  Edmund (D:6)
  A two-headed ogre zombie (D:12)
  Duvessa (D:4)
  13 water moccasins
  25 orc warriors
  5 black bears
  A hornet zombie (D:6)
  3 ice beasts
  4 sky beasts
  2 necrophages
  4 phantoms
  9 ogres
  A boggart (D:13)
  44 wolves
  10 centaurs
  7 big kobolds
  Blork the orc (D:4)
  2 gnoll sergeants
  20 bullfrogs
  Dowan (D:4)
  A water moccasin zombie (D:5)
  2 troll zombies (D:12)
  2 scorpions
  35 killer bees
  16 wights
  4 howler monkeys
  3 electric eels
  3 centaur zombies
  3 centaur skeletons
  17 jellies
  Crazy Yiuf (D:6)
  8 hounds
  20 orc wizards
  28 orc priests
  3 bullfrog skeletons
  4 iguanas
  10 worker ants
  5 ogre zombies (D:12)
  2 hound zombies
  A hound skeleton (D:7)
  A worker ant zombie (D:10)
  16 gnolls
  11 adders
  2 shadow imps (D:9)
  2 white imps
  3 ufetubi
  4 oozes
  An adder zombie (D:9)
  6 worms
  5 dart slugs
  3 leopard geckos
  99 orcs
  7 bats
  4 giant cockroaches
  14 goblins
  8 hobgoblins
  12 jackals
  23 kobolds
  6 quokkas
  2 ball pythons
  3 frilled lizards
  A giant cockroach zombie (D:5)
  4 goblin skeletons (D:12)
  3 goblin zombies (D:12)
  2 hobgoblin skeletons (D:12)
  A hobgoblin zombie (D:12)
  A jackal skeleton (D:5)
  3 orc skeletons (D:12)
  12 orc zombies (D:12)
  8 rats
839 creatures vanquished.

Vanquished Creatures (collateral kills)
  Snorg (Lair:4)
  A slime creature (D:13)
  2 hydras
  An ogre mage (D:13)
  6 two-headed ogres
  A deep elf knight (D:13)
  2 deep elf magi (D:13)
  3 water moccasins
  A swamp drake (Lair:4)
  A phantom (D:8)
  A wolf (Lair:4)
  3 centaurs (D:13)
  A kobold (D:13)
24 creatures vanquished.

Vanquished Creatures (others)
  An orc (Orc:2)
  14 fungi
  12 plants
27 creatures vanquished.

Grand Total: 890 creatures vanquished

Notes
Turn   | Place    | Note
-------+----------+-------------------------------------------
     0 | D:1      | Kinoniko the Draconian Fighter began the quest for the Orb.
     0 | D:1      | Reached XP level 1. HP: 19/19 MP: 1/1
   221 | D:1      | Reached XP level 2. HP: 26/26 MP: 2/2
   844 | D:2      | Reached XP level 3. HP: 31/31 MP: 3/3
   881 | D:2      | Found a shimmering altar of Xom.
   947 | D:2      | Reached skill level 3 in Long Blades
  1236 | D:2      | Reached XP level 4. HP: 40/40 MP: 4/4
  1455 | D:2      | Found a faded altar of an unknown god.
  1566 | D:2      | Found a shadowy altar of Dithmenos.
  2079 | D:3      | Reached XP level 5. HP: 46/46 MP: 5/5
  2676 | D:4      | Reached skill level 4 in Long Blades
  2786 | D:4      | Found a blossoming altar of Fedhas.
  2846 | D:4      | Noticed an ogre
  2847 | D:4      | Noticed Dowan
  2848 | D:4      | Noticed Duvessa
  2859 | D:4      | HP: 1/47 [Duvessa/+2 short sword of electrocution (11)]
  2865 | D:4      | Killed Duvessa
  2865 | D:4      | Reached XP level 6. HP: 25/53 MP: 0/6
  2868 | D:4      | Killed Dowan
  2869 | D:4      | Reached skill level 5 in Long Blades
  3118 | D:4      | Your scales start taking on an icy white colour.
  3118 | D:4      | Reached XP level 7. HP: 57/60 MP: 7/7
  3118 | D:4      | Gained mutation: Your flesh is cold resistant. (rC+) [White
                  | Draconian growth]
  3198 | D:4      | Noticed Grinder
  3203 | D:4      | Gained mutation: You do not regenerate when monsters are
                  | visible. [potion of mutation]
  3203 | D:4      | Gained mutation: You expend magic power (3 MP) to
                  | strengthen your wands. [potion of mutation]
  3203 | D:4      | Paralysed by Grinder for 7 turns
  3222 | D:4      | Reached skill level 5 in Fighting
  3230 | D:4      | Killed Grinder
  3490 | D:4      | Noticed Blork the orc
  3497 | D:4      | Killed Blork the orc
  3552 | D:4      | Found a snail-covered altar of Cheibriados.
  3553 | D:4      | Found a hazy altar of Hepliaklqana.
  3720 | D:5      | Entered Level 5 of the Dungeon
  3730 | D:5      | Reached skill level 6 in Long Blades
  3882 | D:5      | Found Runyitom's Assorted Antiques.
  3897 | D:5      | Reached skill level 5 in Shields
  4132 | D:5      | Reached XP level 8. HP: 58/69 MP: 6/8
  4594 | D:6      | Found Ruah's Weapon Boutique.
  4812 | D:6      | Reached skill level 5 in Dodging
  4922 | D:6      | Noticed Edmund
  4937 | D:6      | Killed Edmund
  4937 | D:6      | Reached skill level 7 in Long Blades
  5055 | D:6      | Lost mutation: You expend magic power (3 MP) to strengthen
                  | your wands. [potion of mutation]
  5055 | D:6      | Lost mutation: You do not regenerate when monsters are
                  | visible. [potion of mutation]
  5055 | D:6      | Gained mutation: Your spells are a little harder to cast,
                  | but a little more powerful. [potion of mutation]
  5055 | D:6      | Gained mutation: You have sharp toenails. [potion of
                  | mutation]
  5055 | D:6      | Gained mutation: You are robust. (+10% HP) [potion of
                  | mutation]
  5398 | D:6      | Found a runed translucent door.
  5399 | D:6      | Noticed Crazy Yiuf
  5409 | D:6      | Killed Crazy Yiuf
  5580 | D:7      | Reached XP level 9. HP: 82/85 MP: 9/9
  5596 | D:7      | Reached skill level 8 in Long Blades
  5654 | D:7      | Found a staircase to the Ecumenical Temple.
  5672 | Temple   | Entered the Ecumenical Temple
  5981 | Temple   | Became a worshipper of Makhleb the Destroyer
  6099 | D:7      | Found a flagged portal.
  6344 | D:7      | Noticed Menkaure
  6352 | D:7      | Killed Menkaure
  6664 | D:7      | Reached * piety under Makhleb
  7117 | D:8      | Reached skill level 9 in Long Blades
  7188 | D:8      | Found a basalt altar of Yredelemnul.
  7946 | D:9      | Reached XP level 10. HP: 94/96 MP: 8/10
  8034 | D:9      | Noticed a two-headed ogre
  8049 | D:9      | Killed a two-headed ogre
  8205 | D:9      | Identified the +5 great mace "Feom" {vorpal, MR+}
  8205 | D:9      | Noticed a two-headed ogre
  8206 | D:9      | Found a bloodstained altar of Trog.
  8206 | D:9      | Noticed 2tc's ghost (novice DDFi)
  8206 | D:9      | Noticed a moth of wrath
  8206 | D:9      | Identified the cursed +1 long sword of Gatyac {flame, MR-
                  | Str+4 Int+2 SInv}
  8206 | D:9      | Noticed a tengu warrior
  8220 | D:9      | Found a transporter.
  8233 | D:9      | Found a transporter.
  8538 | D:9      | Reached ** piety under Makhleb
  8600 | D:9      | Reached skill level 10 in Long Blades
  8842 | D:10     | Entered Level 10 of the Dungeon
  9720 | D:10     | Noticed a manticore
  9782 | D:9      | Reached *** piety under Makhleb
 10137 | D:10     | Found a staircase to the Lair.
 10176 | D:10     | Reached XP level 11. HP: 95/106 MP: 7/11
 10192 | D:10     | Reached skill level 11 in Long Blades
 10684 | D:11     | Reached **** piety under Makhleb
 11019 | D:11     | Noticed a purple ugly thing
 11022 | D:11     | Noticed a seven-headed hydra
 11031 | D:11     | Killed a purple ugly thing
 11413 | Lair:1   | Entered Level 1 of the Lair of Beasts
 11575 | Lair:1   | Reached skill level 1 in Invocations
 11621 | Lair:1   | Reached skill level 12 in Long Blades
 11985 | Lair:1   | Reached skill level 10 in Fighting
 12017 | Lair:1   | Reached ***** piety under Makhleb
 12027 | Lair:1   | Reached XP level 12. HP: 93/116 MP: 9/14
 12216 | Lair:1   | Noticed a four-headed hydra
 12230 | Lair:1   | Killed a four-headed hydra
 12802 | Lair:2   | Found a runed translucent gate.
 12802 | Lair:2   | Found a runed translucent gate.
 12802 | Lair:2   | Found a runed translucent gate.
 12802 | Lair:2   | Noticed a minotaur
 12807 | Lair:2   | Noticed Furott's ghost (journeyman DECj)
 12835 | Lair:2   | Reached skill level 5 in Invocations
 12886 | Lair:2   | Noticed a five-headed hydra
 12920 | Lair:2   | Killed a six-headed hydra
 13049 | Lair:2   | Identified the +7 scimitar of Kuaschycu {holy, rF- MR+++
                  | Dex-3 Stlth+}
 13434 | Lair:2   | Reached skill level 1 in Evocations
 14328 | Lair:2   | Reached skill level 13 in Long Blades
 15026 | Lair:3   | Found a staircase to the Shoals.
 15291 | Lair:3   | Identified a scroll of acquirement
 15294 | Lair:3   | Acquired a manual of Shields
 15390 | Lair:4   | Noticed Snorg
 15424 | Lair:4   | Killed Snorg
 15424 | Lair:4   | Reached skill level 10 in Shields
 15887 | Lair:4   | Found a staircase to the Swamp.
 16072 | Lair:4   | Reached XP level 13. HP: 126/126 MP: 18/18
 17253 | Lair:5   | Found a dark tunnel.
 17270 | Volcano  | Entered a volcano
 17293 | Volcano  | Found a bloodstained altar of Trog.
 17300 | Volcano  | Noticed a red draconian
 17324 | Volcano  | Reached skill level 5 in Evocations
 17613 | Volcano  | Killed a red draconian
 17869 | Lair:5   | Found a runed translucent door.
 17870 | Lair:5   | Noticed Uxoog's ghost (journeyman VSWn)
 18544 | Lair:6   | Entered Level 6 of the Lair of Beasts
 18828 | Lair:5   | Reached XP level 14. HP: 127/136 MP: 12/20
 19341 | Lair:6   | Reached skill level 14 in Long Blades
 19761 | Lair:6   | Reached skill level 10 in Dodging
 20164 | Lair:6   | Reached skill level 10 in Invocations
 20188 | Lair:6   | Found a staircase to the Slime Pits.
 20938 | D:11     | Reached ****** piety under Makhleb
 21098 | D:11     | Found a transporter.
 21098 | D:11     | Found a transporter.
 21554 | D:12     | Noticed Kirke
 21562 | D:12     | Noticed a sphinx
 21591 | D:12     | Killed Kirke
 21811 | D:12     | Found a staircase to the Orcish Mines.
 22084 | D:12     | Found a burning altar of Makhleb.
 23436 | D:13     | Reached XP level 15. HP: 145/145 MP: 23/23
 24074 | D:13     | Found a gate to the Vaults.
 25190 | Orc:1    | Entered Level 1 of the Orcish Mines
 25200 | Orc:1    | Reached skill level 15 in Long Blades
 25293 | Orc:1    | You fall into a shaft and drop 1 floor!
 25293 | Orc:2    | Entered Level 2 of the Orcish Mines
 25935 | Orc:2    | Found a staircase to the Elven Halls.
 26129 | Orc:2    | Noticed an orc warlord
 26150 | Orc:2    | Killed an orc warlord
 26986 | Orc:2    | HP: 4/147 [green death/poison arrow[the player character]
                  | (20)]
 26986 | Orc:2    | Killed from afar by an orc wizard

Illustrated notes

Levels and vault maps discovered:
D:1:      dpeg_arrival_shrine, layout_loops_ring
D:2:      layout_rooms, marbit_many_paths, lemuel_doored_altar,
          chequers_ecumenical_altar_simple_redux
D:3:      layout_loops_corners
D:4:      layout_basic, fedhas_altar_2, gammafunk_temple_overflow_statue,
          uniq_grinder, uniq_duvessa, uniq_blork_the_orc
D:5:      layout_basic, serial_shops, nicolae_shop_behind_doors
D:6:      layout_loops_cross, serial_shops, nicolae_shop_behind_doors,
          uniq_edmund, uniq_crazy_yiuf_cottage
D:7:      cheibrodos_two_vegetables, layout_rooms, minmay_temple_entry_mist,
          enter_bailey_3, lightli_ossuary_entry_decrepit_ruins, grunt_livestock,
          uniq_menkaure
D:8:      layout_rooms, nicolae_overflow_crystal_walls,
          ebering_dispersal_statue_hall, nicolae_benzene_ring,
          minmay_misc_feat_tower, corexii_leaking_fountain
D:9:      layout_loops_ring, gammafunk_ghost_wrathful_warriors
D:10:     layout_rooms, lair_entry_dummy, special_room [special_room_bee]
D:11:     gammafunk_jiyva_shrine, layout_stronghold
D:12:     layout_basic, zombieorc2_lemuel, lemuel_hellish_altar, uniq_kirke
D:13:     layout_cave_pods, hangedman_vaults_entry_quadrant_bands
D:14:     layout_roguey, chequers_garden
Temple:   eino_temple_rhombus
Lair:1:   layout_long_grid
Lair:2:   layout_cellular_growth, maelrawn_ghost_gauntlet_escape,
          serial_bayou_shore_b, grunt_megastairs_2, lemuel_fruit_tree
Lair:3:   dpeg_oklob_gauntlet, layout_long_grid, minmay_shoals_entry_hut,
          nicolae_quartered_pool_little, serial_bayou_shore_b
Lair:4:   layout_small_grid, minmay_swamp_entry_reptiles,
          minmay_lair_oklob_chamber, uniq_snorg
Lair:5:   layout_regular_city, nicolae_volcano_entry_batcave,
          ebering_ghost_inner_flame, chequers_serial_rivers_micro_d,
          beast_lair_carwin_8, grunt_megastairs_5
Lair:6:   grunt_lair_end_beastmaster, layout_cave_pods,
          minmay_slime_entry_jelly_boxes, grunt_forest_large_clearings
Orc:1:    layout_caves
Orc:2:    st_orc_congregation, layout_caves, minmay_orc_barracks

Skill      XL: |  1  2  3  4  5  6  7  8  9 10 11 12 13 14 15 |
---------------+----------------------------------------------+-----
Dodging        | 3 4 5 6 7 8 9 10 | 10.6
Long Blades    | 3 4 5 6 7 9 10 12 13 14 15 | 15.1
Fighting       | 4 5 6 7 9 10 11 12 | 12.5
Shields        | 4 5 6 7 8 9 10 11 12 | 12.8
Invocations    | 3 6 9 10 11 | 11.5
Evocations     | 3 6 8 9 |  9.4

Action                   |  1- 3 |  4- 6 |  7- 9 | 10-12 | 13-15 || total
-------------------------+-------+-------+-------+-------+-------++-------
Melee: Long sword        |    74 |   158 |   115 |   882 |   180 ||  1409
       Tailslap          |    14 |    18 |    56 |   165 |   295 ||   548
       Short sword       |       |       |   297 |       |       ||   297
       Kick              |       |       |    72 |   363 |   631 ||  1066
       Demon blade       |       |       |       |       |  1339 ||  1339
       Unarmed           |       |       |       |       |    21 ||    21
Invok: Lesser Servant of |       |       |       |    14 |     5 ||    19
       Minor Destruction |       |       |       |     2 |     2 ||     4
       Major Destruction |       |       |       |       |     8 ||     8
       Greater Servant o |       |       |       |       |     4 ||     4
 Abil: Breathe Frost     |       |       |     1 |     1 |     8 ||    10
  Use: Potion            |     1 |     6 |     6 |     2 |     7 ||    22
       Scroll            |       |    10 |    15 |     9 |    16 ||    50
 Stab: Sleeping          |       |     1 |    18 |     9 |     1 ||    29
       Distracted        |       |       |     1 |     2 |     3 ||     6
       Petrified         |       |       |       |       |    14 ||    14
Armor: Skin              |    21 |    29 |   106 |   356 |   401 ||   913
Dodge: Dodged            |    31 |    48 |   140 |   618 |   710 ||  1547
       Repelled          |       |       |     1 |       |       ||     1
Block: Kite shield       |    35 |    70 |   189 |   660 |   951 ||  1905
       Rpst.: Long sword |     8 |    17 |    14 |   162 |    27 ||   228
       Demon blade       |       |       |       |       |   157 ||   157

Table legend: (Time is in decaauts)
 A = Elapsed time spent in this place.
 B = Non-inter-level travel time spent in this place.
 C = Inter-level travel time spent in this place.
 D = Time resting spent in this place.
 E = Time spent auto-exploring this place.
 F = Levels seen in this place.
 G = Mean time per level.
                   A        B        C        D        E       F      G
               +--------+--------+--------+--------+--------+-----+--------+
         Total |  26391 |  25399 |    992 |   6253 |  13221 |  24 | 1099.6 |
       Dungeon |  15437 |  14701 |    736 |   3359 |   7726 |  14 | 1102.6 |
        Temple |    337 |    337 |      0 |    156 |     90 |   1 |  337.0 |
          Lair |   8502 |   8280 |    222 |   2028 |   4664 |   6 | 1417.0 |
  Orcish Mines |   1674 |   1641 |     33 |    467 |    726 |   2 |  837.0 |
       Volcano |    440 |    440 |      0 |    242 |     15 |   1 |  440.0 |
               +--------+--------+--------+--------+--------+-----+--------+

Top non-repeatable levels by time:
  Lair:2: 1907 daAuts
  Lair:4: 1814 daAuts
  Lair:5: 1596 daAuts
     D:9: 1506 daAuts
    D:11: 1484 daAuts
    D:13: 1418 daAuts
    D:12: 1408 daAuts
     D:7: 1161 daAuts
  Lair:6: 1156 daAuts
    D:10: 1121 daAuts
     D:4: 1048 daAuts
     D:6: 1040 daAuts
  Lair:3: 1014 daAuts
  Lair:1: 1013 daAuts
     D:3: 1002 daAuts
